 Dungeon Crawl Stone Soup version 0.31.0 (webtiles) character file.

Game seed: 3019080053697905778

128 qw the Shooter (level 5, 0/32 HPs)
             Began as a Gargoyle Hunter on Jan 20, 2024.
             Slain by a crimson imp (2 damage)
             ... summoned by Eustachio
             ... on level 4 of the Dungeon.
             The game lasted 00:00:11 (2136 turns).

qw the Shooter (Gargoyle Hunter)                    Turns: 2136, Time: 00:00:11

Health: 0/32       AC: 12    Str: 14      XL:     5   Next: 11%
Magic:  5/5        EV: 10    Int: 10      God:
Gold:   198        SH:  0    Dex: 14 (15) Spells: 4/4 levels left

rFire   . . .        a - +0 shortbow (freeze)
rCold   . . .        (shield currently unavailable)
rNeg    + . .        m - +0 ring mail
rPois   inf          (no helmet)
rElec   +            e - +2 cloak
rCorr   .            (no gloves)
SInv    .            (no boots)
Will    .....        (no amulet)
Stlth   +            (no ring)
HPRegen 0.25/turn    (no ring)
MPRegen 0.09/turn

%: no passive effects
@: no status effects
A: sickness immunity, AC +4, negative energy resistance 1, electricity
resistance, torment resistance 1, petrification resistance
a: no special abilities


You were on level 4 of the Dungeon.
You visited 1 branch of the dungeon, and saw 4 of its levels.

You collected 198 gold pieces.


Innate Abilities, Weirdness & Mutations

You are immune to sickness and miasma.
Your stone body is resilient. (AC +4)
You are immune to poison.
You resist negative energy. (rN+)
You are resistant to electric shocks. (rElec)
You are resistant to unholy torment.
You are immune to petrification.


   Skills:
 - Level 3.1 Fighting
 - Level 5.8 Ranged Weapons
 + Level 0.3 Armour
 - Level 1.5 Dodging
 - Level 1.1 Stealth


You had 4 spell levels left.
You didn't know any spells.
Your spell library was empty.

Inventory:

Hand Weapons
 a - a +0 shortbow of freezing (weapon)
Armour
 e - a +2 cloak (worn)
 m - a +0 ring mail (worn)
Wands
 k - a wand of digging (4)
Scrolls
 g - a scroll of enchant armour
Potions
 d - a potion of curing
 h - a potion of might {unknown}
 i - a potion of haste {unknown}

Dungeon Overview and Level Annotations

Branches:
Dungeon (4/15)
 Temple: D:4-7

Altars:
Xom

Annotations:
D:4 Eustachio, Natasha


Message History

The quasit claws you but does no damage. x2
Eustachio mumbles some strange words.
Eustachio blinks!
The quasit bites you but does no damage.
The quasit barely misses you.
The quasit claws you but does no damage.
The river rat barely misses you.
You shoot an arrow. The arrow hits the quasit!
The arrow freezes the quasit.
The quasit is almost dead.
The quasit completely misses you.
The quasit claws you but does no damage.
The quasit misses you.
The river rat twitches its whiskers.
The river rat bites you but does no damage.
The quasit bites you. The quasit closely misses you.
The quasit claws you but does no damage.
You shoot an arrow. The arrow closely misses the quasit.
The river rat bites you but does no damage.
The quasit bites you but does no damage.
The quasit barely misses you.
The quasit claws you but does no damage.
Eustachio casts a spell.
The crimson imp hits you but does no damage.
You shoot an arrow.
The arrow hits the quasit but does no damage.
The quasit is almost dead.
The quasit bites you but does no damage.
The quasit closely misses you. The quasit barely misses you.
The river rat barely misses you.
Eustachio casts a spell.
Eustachio blinks!
The crimson imp barely misses you. The quasit barely misses you.
The quasit closely misses you. The quasit completely misses you.
You shoot an arrow. The arrow closely misses the quasit.
The river rat closely misses you.
The quasit bites you but does no damage.
The quasit barely misses you. The quasit claws you.
You feel clumsy. The crimson imp hits you.
You die...

#......#..##...######.......#
..##########...##...#.......#
..# #.........'.......# ..#
#.........#.......##### ..#
#....##...#............ ..#
#....##r..########..... ..#
#########r....... #..... ..#
#....¤..#5....... +..... .(#
#....¤..@r5...... #..... ..#
#....¤..#5....... #..... ..#
#......<#........ ###### ..#
#.......#...##### # ###
......(.#...# # ........#....
# ........#....# #
........#....# #
........#....#


You could see a quasit (summoned), a crimson imp (summoned), a river rat
(summoned), a shadow imp (summoned) and 2 quokkas.

Vanquished Creatures
  A bombardier beetle (D:3)
  3 adders
  A dart slug (D:2)
  3 orcs (D:3)
  3 bats
  6 endoplasms
  6 giant cockroaches
  10 goblins
  3 hobgoblins
  6 kobolds
  2 quokkas
  7 ball pythons
  4 frilled lizards
  4 rats
59 creatures vanquished.

Notes
Turn   | Place    | Note
-------+----------+-------------------------------------------
     0 | D:1      | qw the Gargoyle Hunter began the quest for the Orb.
     0 | D:1      | Reached XP level 1. HP: 12/12 MP: 1/1
     0 | D:1      | 0 ||| qw: Version: 0.3-a-132-g3d54051
     0 | D:1      | 0 ||| qw: Game counter: 511
     0 | D:1      | 0 ||| qw: Melee chars always use a shield: true
     0 | D:1      | 0 ||| qw: God list: Okawaru
     0 | D:1      | 0 ||| qw: Allow faded altars: false
     0 | D:1      | 0 ||| qw: Do Orc after clearing Dungeon:15 true
     0 | D:1      | 0 ||| qw: Do second Lair branch before Depths: true
     0 | D:1      | 0 ||| qw: Lair rune preference: random
     0 | D:1      | 0 ||| qw: Goals: Normal
     0 | D:1      | 0 ||| PLANNING D:1-11
    33 | D:1      | Reached XP level 2. HP: 17/17 MP: 2/2
   266 | D:1      | Reached XP level 3. HP: 21/21 MP: 3/3
   290 | D:1      | Reached skill level 5 in Ranged Weapons
   587 | D:1      | 587 ||| UPGRADING to +1 cloak.
   592 | D:1      | 592 ||| DROPPING ring of flight.
   593 | D:1      | 593 ||| READING scroll labelled BUINNU UZOONISCH.
   593 | D:1      | 593 ||| BRANDING +0 shortbow.
   594 | D:1      | 594 ||| READING scroll labelled GETUX WASOF.
   594 | D:1      | 594 ||| IDENTIFYING fizzy brown potion
   595 | D:1      | 595 ||| DROPPING scroll of butterflies.
   618 | D:2      | Noticed an eye of devastation
   649 | D:2      | Identified the +6 falchion of qw's Imminent Death {holy,
                  | *Slow +Blink Str+4 Stlth+}
   660 | D:2      | Found a shimmering altar of Xom.
   929 | D:2      | Reached skill level 3 in Fighting
  1077 | D:2      | Reached XP level 4. HP: 28/28 MP: 4/4
  1084 | D:2      | Noticed an eye of devastation
  1090 | D:2      | Found a faded altar of an unknown god.
  1092 | D:2      | Noticed a shining eye
  1092 | D:2      | Noticed a great orb of eyes
  1298 | D:2      | 1298 ||| READING 3 scrolls of identify.
  1298 | D:2      | 1298 ||| IDENTIFYING scroll labelled SYRREVV IFENNA
  1299 | D:2      | 1299 ||| READING 2 scrolls of identify.
  1299 | D:2      | 1299 ||| IDENTIFYING 2 scrolls labelled FOERON ARIFF
  1300 | D:2      | 1300 ||| READING 2 scrolls of enchant armour.
  1300 | D:2      | 1300 ||| ENCHANTING +1 cloak.
  1301 | D:2      | 1301 ||| DROPPING scroll of fear.
  1698 | D:3      | Reached XP level 5. HP: 32/32 MP: 5/5
  1721 | D:3      | 1721 ||| FLEEEEING.
  1868 | D:3      | 1868 ||| UPGRADING to +0 ring mail.
  1878 | D:3      | 1878 ||| DROPPING +0 leather armour.
  1879 | D:3      | 1879 ||| READING scroll of identify.
  1879 | D:3      | 1879 ||| IDENTIFYING orange potion
  1880 | D:3      | 1880 ||| READING scroll labelled ISSUSU KONNEDD.
  1881 | D:3      | 1881 ||| DRINKING 2 golden potions.
  1882 | D:3      | 1882 ||| DROPPING potion of invisibility.
  2043 | D:4      | Noticed Natasha
  2047 | D:4      | 2047 ||| STAIRDANCE
  2049 | D:3      | 2049 ||| FLEEEEING.
  2062 | D:3      | 2062 ||| READING scroll labelled GYBREA EXAIZ.
  2063 | D:3      | 2063 ||| READING scroll labelled OHORAZXIKOT.
  2082 | D:4      | Noticed Eustachio
  2101 | D:4      | HP: 7/32 [shadow imp[Eustachio] (3)]
  2102 | D:4      | 2102 ||| DRINKING potion of heal wounds.
  2129 | D:4      | 2129 ||| RETREEEEATING.
  2131 | D:4      | HP: 5/32 [river rat[Eustachio] (5)]
  2133 | D:4      | HP: 2/32 [quasit[Eustachio] (3)]
  2136 | D:4      | Slain by a crimson imp

Levels and vault maps discovered:
D:1:      mrwooster_arrival_arrow, layout_basic, serial_forest,
          infiniplex_forest_corner_1, infiniplex_forest_lined_corner,
          infiniplex_forest_lined_3_way, infiniplex_forest_lined_4_way,
          infiniplex_forest_lined_4_way, infiniplex_forest_clump_small,
          minmay_crystal_water
D:2:      mumra_celtic_spiral_tile, layout_basic,
          hellmonk_ecumenical_altar_watching_god, basic_altar
D:3:      minmay_evil_eye, layout_rooms, minmay_misc_feat_room,
          interstate_on_off, kennysheep_flooded_box
D:4:      layout_gridville, uniq_eustachio, uniq_natasha

Skill      XL: |  1  2  3 |
---------------+----------+-----
Ranged Weapons | 5 |  5.8
Fighting       | 3 |  3.1
Armour         | |  0.3
Dodging        | |  1.5
Stealth        | |  1.1

Action                     |  1- 3 |  4- 6 || total
---------------------------+-------+-------++-------
   Fire: Shortbow          |   100 |   115 ||   215
    Use: Scroll            |     2 |     7 ||     9
         Potion            |       |     2 ||     2
 Armour: Leather armour    |    14 |     9 ||    23
         Ring mail         |       |    95 ||    95
  Dodge: Dodged            |    17 |    89 ||   106

Table legend:
 A = Non-vault XP
 B = Vault XP
 C = Vault XP percentage of total XP
 D = Non-vault monster count
 E = Vault monster count
 F = Vault count percentage of total count
                 A         B        C        D         E       F
            +---------+---------+-------+---------+---------+-------
      Total |     135 |      48 |  26.2 |      54 |       5 |   8.5
            +---------+---------+-------+---------+---------+-------
        D:1 |      44 |       0 |   0.0 |      26 |       0 |   0.0
        D:2 |      39 |       0 |   0.0 |      14 |       0 |   0.0
        D:3 |      45 |      48 |  51.6 |      10 |       5 |  33.3
        D:4 |       7 |       0 |   0.0 |       4 |       0 |   0.0
            +---------+---------+-------+---------+---------+-------
